AoeStats
← adrifer87

Arena

506003791Analyzed
3v3 RM · 21d ago on Sep 12, 2026· 53m 1s· 6 players
Game mode
Random Map
Map size
Normal (6 player)
Population
200
Speed
Normal
Resources
Standard
Victory
Conquest
Starting age
Dark Age
Ending age
Imperial Age
RankedLock teamsTeams togetherTeam positionsShared explorationLock speedFull tech treeHidden civsTurbo modeCheats
Victory
Defeat
🇳🇿 Jurchens · New Zealand
918
+13
🇬🇧 Mongols · United Kingdom
864
+15
🇧🇷 Burgundians · Brazil
754
+19
🇦🇷 Franks · Argentina
905
-18
🇦🇷 Byzantines · Argentina
830
-15
🇦🇷 Teutons · Argentina
802
-14
HEAD__SHOT
0:31 Loom
11:48 Feudal Age
13:31 Wheelbarrow
12:46 Double-Bit Axe
13:00 Gold Mining
13:40 Horse Collar
17:24 Stone Mining
21:51 Castle Age
22:05 Scale Barding Armor
22:11 Forging
23:08 Hand Cart
23:48 Husbandry
26:25 Stone Shaft Mining
26:04 Bow Saw
25:57 Heavy Plow
26:26 Light Cavalry
31:08 Chain Barding Armor
31:24 Iron Casting
32:07 Fletching
33:23 Gold Shaft Mining
37:27 Imperial Age
36:57 Bodkin Arrow
37:26 Greek Fire
39:40 Plate Barding Armor
40:12 Logistica
47:05 Hussar
48:37 Crop Rotation
48:05 Cavalier
48:55 Scale Mail Armor
50:56 Paladin
adrifer87
0:33 Loom
14:23 Feudal Age
15:12 Double-Bit Axe
21:58 Man-at-Arms
24:52 Castle Age
25:21 Elite Skirmisher
25:35 Pikeman
26:22 Squires
26:51 Bow Saw
28:44 Scale Mail Armor
28:35 Fletching
31:16 Masonry
31:27 Ballistics
31:26 Gold Mining
32:29 Stone Mining
38:59 Imperial Age
SherlockLopez Arg.
0:27 Loom
12:44 Feudal Age
13:20 Gold Mining
13:19 Double-Bit Axe
20:50 Castle Age
19:15 Stone Mining
19:09 Horse Collar
20:55 Wheelbarrow
21:42 Bow Saw
23:19 Stone Shaft Mining
22:48 Heavy Plow
34:00 Imperial Age
32:03 Bloodlines
32:10 Forging
34:28 Iron Casting
38:49 Scale Barding Armor
40:50 Chemistry
40:52 Caravan
40:23 Cavalier
42:06 Guilds
42:18 Hand Cart
43:32 Chain Barding Armor
44:36 Paladin
46:12 Fortified Wall
48:53 Blast Furnace
47:45 Fletching
47:56 Padded Archer Armor
47:57 Scale Mail Armor
48:20 Ballistics
50:31 Onager
51:49 Conscription
52:45 Ironclad
ʚ♡ɞ Mr. Yung Prime Shopper
6:24 Loom
10:40 Feudal Age
11:57 Wheelbarrow
11:12 Double-Bit Axe
11:12 Horse Collar
22:54 Castle Age
22:23 Padded Archer Armor
22:43 Fletching
25:34 Hand Cart
25:15 Gold Mining
25:18 Stone Mining
25:46 Bow Saw
28:28 Leather Archer Armor
28:10 Bodkin Arrow
28:18 Scale Mail Armor
28:29 Forging
31:33 Gold Shaft Mining
31:34 Stone Shaft Mining
36:36 Imperial Age
34:28 Elite Skirmisher
35:18 Thumb Ring
34:38 Crossbowman
36:26 Nomads
38:43 Conscription
39:07 Elite Mangudai
40:31 Heavy Plow
43:33 Scale Barding Armor
43:28 Bracer
43:27 Capped Ram
43:29 Heavy Scorpion
44:48 Pikeman
45:30 Squires
45:16 Arson
44:59 Heavy Cavalry Archer
46:06 Parthian Tactics
47:45 Drill
48:51 Chain Barding Armor
48:46 Chain Mail Armor
49:07 Iron Casting
49:01 Ballistics
49:58 Caravan
49:42 Arbalester
BigBossBrowne
11:34 Feudal Age
11:30 Loom
15:50 Castle Age
15:10 Stone Mining
15:11 Double-Bit Axe
15:54 Horse Collar
16:42 Heavy Plow
25:40 Bow Saw
25:28 Gold Mining
28:29 Wheelbarrow
29:01 Fervor
29:16 Sanctity
33:45 Imperial Age
31:50 Fortified Bastions
32:13 Hand Cart
32:13 Fletching
33:05 Devotion
33:04 Bodkin Arrow
34:48 Stone Shaft Mining
34:17 Town Watch
35:27 Ballistics
35:18 Masonry
35:04 Murder Holes
35:22 Bracer
35:27 Padded Archer Armor
36:21 Hoardings
37:35 Conscription
37:57 Capped Ram
42:25 Gold Shaft Mining
42:13 Leather Archer Armor
42:04 Scale Barding Armor
42:09 Forging
42:00 Scale Mail Armor
43:02 Chemistry
42:33 Architecture
42:08 Siege Engineers
42:25 Block Printing
45:43 Chain Mail Armor
46:04 Iron Casting
44:53 Pikeman
45:33 Squires
45:20 Arson
46:32 Thunderclap Bombs
46:53 Halberdier
48:17 Ring Archer Armor
48:35 Fortified Wall
48:07 Treadmill Crane
48:48 Town Patrol
49:33 Crop Rotation
51:16 Arrowslits
51:21 Guard Tower
52:36 Blast Furnace
51:57 Chain Barding Armor
52:18 Sappers
DISK PIZZA
12:01 Feudal Age
13:17 Wheelbarrow
12:50 Double-Bit Axe
12:59 Gold Mining
13:10 Stone Mining
21:25 Castle Age
19:22 Horse Collar
28:14 Heavy Plow
28:57 Burgundian Vineyards
35:20 Imperial Age
36:27 Conscription
36:55 Crop Rotation
36:10 Capped Ram
49:52 Arson
Connection lost

Rejoining the realm…

Still unreachable

The connection could not be restored.

Session expired

The server has moved on; the page needs a fresh start.